 Dungeon Crawl Stone Soup version 0.18-a0-775-g4d9e04e (webtiles) character file.

182 Proton the Skirmisher (level 5, -13/57 HPs)
             Began as an Ogre Fighter on Dec 13, 2015.
             Was an Initiate of Okawaru.
             Mangled by an ogre
             ... wielding a +0 giant club
              (17 damage)
             ... on level 4 of the Dungeon.
             The game lasted 00:05:14 (2682 turns).

Proton the Skirmisher (Ogre Fighter)                Turns: 2682, Time: 00:05:14

Health: -13/57     AC:  3    Str: 22    XL:     5   Next: 61%
Magic:  5/5        EV:  8    Int:  7    God:    Okawaru [......]
Gold:   219        SH:  8    Dex: 11    Spells: 0 memorised, 4 levels left

rFire  . . .     SeeInvis .     a - +0 flail
rCold  . . .     Clarity  .     b - +0 robe
rNeg   . . .     SustAt   .     c - +0 shield
rPois  .         Gourm    .     (helmet restricted)
rElec  .         Spirit   .     (no cloak)
rCorr  .         Dismiss  .     (gloves unavailable)
rMut   .         Stasis   .     (boots unavailable)
MR     .....                    (no amulet)
Stlth  +.........               (no ring)
                                g - +2 ring of dexterity

@: not resistant to hostile enchantments, very unstealthy
A: unfitting armour, tough skin 1
a: Renounce Religion


You were on level 4 of the Dungeon.
You worshipped Okawaru.
Okawaru was noncommittal.
You were not hungry.

You visited 1 branch of the dungeon, and saw 4 of its levels.

You collected 219 gold pieces.

Inventory:

Hand Weapons
 a - a +0 flail (weapon)
Armour
 b - a +0 robe (worn)
 c - a +0 shield (worn)
Jewellery
 g - a +2 ring of dexterity (left hand)
Scrolls
 i - 3 scrolls of identify {unknown}
 m - 2 scrolls of teleportation {unknown}
 q - a scroll of remove curse {unknown}
 s - a scroll of enchant armour {unknown}
 v - a scroll of fog {unknown}
Potions
 d - 3 potions of might
 e - 2 potions of magic {unknown}
 h - a potion of cancellation {unknown}
 l - a potion of cure mutation {unknown}
 n - a potion of agility {unknown}
 o - 2 potions of curing {unknown}
 p - a potion of heal wounds {unknown}
 r - a potion of poison {unknown}
 u - a potion of resistance {unknown}
Books
 t - a book of Power

   Spells                             Type                      Level
   a - Fulminant Prism                Conjuration/Hexes            4
   b - Iskenderun's Mystic Blast      Conjuration                  4
   c - Venom Bolt                     Conjuration/Poison           5
   d - Bolt of Magma                  Conjuration/Fire/Earth       5
   e - Iron Shot                      Conjuration/Earth            6
   f - Orb of Destruction             Conjuration                  7
   g - Spellforged Servitor           Conjuration/Summoning        7
Comestibles
 f - a bread ration
 j - 2 beef jerkies
 k - 15 fruits


   Skills:
 + Level 5.5 Fighting
 * Level 5.3 Maces & Flails
 + Level 3.6 Dodging
 - Level 2.6 Shields


You had 4 spell levels left.
You didn't know any spells.

Dungeon Overview and Level Annotations

Branches:
Dungeon (4/15)
 Temple: D:4-7

Altars:
Elyvilon
Okawaru

Shops:
D:4 }!


Innate Abilities, Weirdness & Mutations

You are too large for most types of armour.
You have tough skin (AC +1).


Message History

You are too injured to fight recklessly!
You are too injured to fight recklessly!
You are too injured to fight recklessly!
You are too injured to fight recklessly!
You are too injured to fight recklessly!
You are too injured to fight recklessly!
You are too injured to fight recklessly!
You are too injured to fight recklessly!
You are too injured to fight recklessly!
You are too injured to fight recklessly!
You are too injured to fight recklessly!
You are too injured to fight recklessly!
You are too injured to fight recklessly!
You are too injured to fight recklessly!
You are too injured to fight recklessly!
You are too injured to fight recklessly!
You hit the ogre.
The ogre is heavily wounded.
The ogre hits you with a giant club!
You die...

....# ###
....#
#.......#
###.#.....#
##..∩......#
#..#.#.....#
#.....#
#.....#
#...@.#
#...O.#
#.....#
#.∩...#
.'.....+
########
###.....#
#......#
#######
#.####.# #.#
#.###########


You could see an ogre.

Vanquished Creatures
  2 orc wizards
  A worker ant (D:4)
  2 adders
  A gnoll (D:4)
  2 worms (D:2)
  3 giant geckos (D:2)
  4 orcs
  A ball python (D:3)
  8 bats
  3 giant cockroaches
  9 goblins
  5 hobgoblins
  2 jackals (D:1)
  4 kobolds
  A quokka (D:2)
  3 giant newts
  5 rats
56 creatures vanquished.

Notes
Turn   | Place    | Note
--------------------------------------------------------------
     0 | D:1      | Proton the Ogre Fighter began the quest for the Orb.
     0 | D:1      | Reached XP level 1. HP: 24/24 MP: 1/1
   147 | D:1      | Reached XP level 2. HP: 30/32 MP: 2/2
   662 | D:2      | Reached XP level 3. HP: 32/40 MP: 3/3
   686 | D:2      | Found a white marble altar of Elyvilon.
  1297 | D:2      | Reached XP level 4. HP: 42/49 MP: 4/4
  1669 | D:3      | Reached skill level 5 in Fighting
  1669 | D:3      | Reached skill level 5 in Maces & Flails
  1669 | D:3      | Reached XP level 5. HP: 39/57 MP: 5/5
  1843 | D:3      | Found an iron altar of Okawaru.
  1850 | D:3      | Became a worshipper of Warmaster Okawaru
  2675 | D:4      | Found Yteuppuo's Distillery.
  2675 | D:4      | Found Matwin's Gadget Shoppe.
  2675 | D:4      | Noticed an ogre
  2682 | D:4      | Mangled by an ogre

Vault maps used:
D:1:      matt_arrival_los_fun, feat_on_display
D:2:      elyvilon_altar_1
D:3:      okawaru_ov_weapons_minmay
D:4:      serial_shops, nicolae_shop_crystal, kennysheep_mini, shop,
          nicolae_shop_crystal, shop

Action                   |  1- 3 |  4- 6 || total
-------------------------+-------+-------++-------
Melee: Flail             |   112 |    57 ||   169
Evoke: Wand              |     1 |       ||     1
 Stab: Sleeping          |     2 |       ||     2
  Eat: Pizza             |     1 |     1 ||     2
       Meat ration       |       |     1 ||     1
